 Dungeon Crawl Stone Soup version 0.25.1-2-g60ff931df9 (webtiles) character file.

Game seed: 8689718838414072156

3586 protoss039 the Thaumaturge (level 9, 0/48 HPs)
             Began as a Deep Elf Earth Elementalist on Aug 10, 2020.
             Was a Follower of Sif Muna.
             Slain by a killer bee (9 damage)
             ... on level 7 of the Dungeon.
             The game lasted 00:26:59 (10665 turns).

protoss039 the Thaumaturge (DEEE)                  Turns: 10665, Time: 00:27:00

Health: 0/48       AC:  5    Str:  5    XL:     9   Next: 85%
Magic:  21/26      EV: 14    Int: 24    God:    Sif Muna [*.....]
Gold:   396        SH:  5    Dex: 21    Spells: 10/30 levels left

rFire    . . .     SeeInvis .   C - +4 trident
rCold    . . .     Gourm    .   (no shield)
rNeg     . . .     Faith    .   c - +0 robe
rPois    .         Spirit   .   (no helmet)
rElec    .         Reflect  +   L - +0 cloak (curse)
rCorr    .         Harm     .   k - +0 pair of gloves
MR       .....                  r - +0 pair of boots
Stlth    +++.......             g - amulet of reflection
HPRegen  0.16/turn              z - +6 ring of dexterity
MPRegen  0.20/turn              (no ring)

@: swift, about to teleport, quick
A: no striking features
a: Channel Magic, Renounce Religion


You were on level 7 of the Dungeon.
You worshipped Sif Muna.
Sif Muna was aware of your devotion.
You were near starving.

You visited 1 branch of the dungeon, and saw 8 of its levels.

You collected 396 gold pieces.

Inventory:

Hand Weapons
 C - a +4 trident (weapon)
Missiles
 b - 170 stones (quivered)
Armour
 a - a +0 leather armour of magic resistance
 c - a +0 robe (worn)
 k - a +0 pair of gloves (worn)
 r - a +0 pair of boots (worn)
 L - a cursed +0 cloak (worn)
Jewellery
 g - an amulet of reflection (around neck)
 z - a +6 ring of dexterity (left hand)
 B - an uncursed amulet of magic regeneration
Wands
 m - a wand of digging (16)
 u - a wand of flame (13)
 y - a wand of iceblast (10)
 A - a wand of disintegration (3)
 I - a wand of clouds (4)
Scrolls
 i - 2 scrolls of enchant weapon {unknown}
 l - 2 scrolls of teleportation
 n - 3 scrolls of amnesia
 o - 4 scrolls of remove curse
 q - a scroll of fog
 v - a scroll of enchant armour
 w - 3 scrolls of magic mapping
 x - 2 scrolls of identify
 E - a scroll of immolation
 H - a scroll of holy word {unknown}
Potions
 e - 2 potions of mutation {unknown}
 f - 7 potions of curing
 h - 4 potions of heal wounds {unknown}
 j - a potion of stabbing {unknown}
 p - 2 potions of brilliance {unknown}
 s - 2 potions of cancellation {unknown}
 t - a potion of degeneration {unknown}
 D - a potion of invisibility {unknown}
 F - a potion of lignification {unknown}
 G - a potion of flight {unknown}
 J - a potion of ambrosia {unknown}
 K - 2 potions of haste {unknown}
Comestibles
 d - 10 rations


   Skills:
 * Level 1.6 Fighting
 * Level 2.2 Armour
 - Level 3.0 Dodging
 - Level 3.0 Stealth
 + Level 11.4 Spellcasting
 + Level 3.5 Conjurations
 - Level 2.0 Charms
 * Level 3.2 Transmutations
 - Level 2.0 Air Magic
 + Level 9.7 Earth Magic
 * Level 0.4 Poison Magic
 * Level 2.2 Invocations


You had 10 spell levels left.
You knew the following spells:

 Your Spells              Type           Power        Failure   Level  Hunger
a - Sandblast             Erth           ######       1%          1    None
b - Passwall              Tmut/Erth      #####...     1%          2    None
c - Stone Arrow           Conj/Erth      #####.       1%          3    None
d - Petrify               Tmut/Erth      #####...     3%          4    None
e - Lee's Rapid Deconstr  Erth           ######....   2%          5    ####...
f - Swiftness             Chrm/Air       ###.....     3%          2    None
g - Mephitic Cloud        Conj/Pois/Air  ###.....     6%          3    None

Your spell library contained the following spells:

 Spells                   Type           Power        Failure   Level  Hunger
 Magic Dart               Conj           ####         1%          1    None
 Shock                    Conj/Air       ####         1%          1    None
 Animate Skeleton         Necr           N/A          4%          1    None
 Pain                     Necr           ##..         4%          1    None
 Static Discharge         Conj/Air       ####....     4%          3    None
 Blink                    Tloc           N/A          7%          2    None
 Call Imp                 Summ           ##......     7%          2    None
 Slow                     Hex            ##......     7%          2    None
 Conjure Flame            Conj/Fire      ###.....     7%          3    None
 Airstrike                Air            ###.......   21%         4    None
 Lightning Bolt           Conj/Air       ####......   38%         5    ####...


Dungeon Overview and Level Annotations

Branches:
Dungeon (8/15)             Temple (0/1) D:7            Lair (0/6) D:8

Altars:
Cheibriados
Elyvilon
Fedhas
Gozag
Hepliaklqana
Sif Muna
Vehumet
Zin

Annotations:
D:6 2 transporters


Message History

Okay, then.
As you read the scroll of teleportation, it crumbles to dust.
You feel strangely unstable.
You feel sick.
The killer bee stings you but does no damage.
The killer bee misses you. You block the killer bee's attack.
The killer bee misses you. The killer bee stings you.
* * * LOW HITPOINT WARNING * * *
The killer bee closely misses you.
Unknown command.
It was a potion of curing.
You feel better. You block the killer bee's attack.
The killer bee completely misses you. The killer bee stings you!
* * * LOW HITPOINT WARNING * * *
The killer bee closely misses you. The killer bee misses you.
The killer bee barely misses you.
Unknown command.
Unknown command.
Unknown command.
Unknown command.
The killer bee stings you!
You die...

#....# #.^.##..##..##. ###...##
#....<.###..##. #.)....#
#......#..#.... #####.##.#.#
#.....##.###.#. #.....##.#.###
###.###.## ##.. ####.#.#.##.....#
#.##.## ##.
................#####.###.## ##..
....≈≈≈≈≈...............##.###.#.
..≈≈≈≈≈≈≈≈≈.....@yy......#..#....
≈≈≈≈≈≈≈≈≈≈≈≈≈...y........###.####
≈≈≈≈≈...≈≈≈≈≈≈...............# #.
≈≈≈≈≈.>.≈≈≈≈≈≈.##..#..#..##### #.
≈≈≈≈≈...≈≈≈≈≈≈.##..##.#..# #.
≈≈≈≈≈≈≈≈≈≈≈≈≈≈.##........# #.
≈≈≈≈≈≈≈≈≈≈≈≈≈..###.......# #.
..≈≈≈≈≈≈≈≈≈....# ###...### #.
....≈≈≈≈≈......# #...# #.


You could see 3 killer bees.

Vanquished Creatures
  Maurice (D:8)
  A water moccasin (D:8)
  A sky beast (D:8)
  An ice beast (D:3)
  3 orc warriors
  2 phantoms (D:8)
  A centaur (D:7)
  2 big kobolds (D:8)
  5 bullfrogs
  4 scorpions
  5 killer bees (D:8)
  4 wights (D:8)
  4 crimson imps
  2 quasits
  7 hounds
  2 jellies
  A bullfrog skeleton (D:6)
  A centaur skeleton (D:6)
  6 orc priests
  6 orc wizards
  Jessica (D:3)
  2 iguanas (D:6)
  3 worker ants
  A hound skeleton (D:7)
  A mummy (D:4)
  4 gnolls (D:6)
  9 adders
  2 river rats (D:8)
  2 shadow imps
  3 oozes
  An adder skeleton (D:5)
  A worm (D:4)
  A dart slug (D:3)
  2 leopard geckos
  34 orcs
  15 giant cockroaches
  7 goblins
  7 hobgoblins
  13 jackals
  12 kobolds
  5 quokkas
  4 ball pythons
  10 bats
  3 frilled lizards
  2 hobgoblin zombies (D:4)
  A leopard gecko skeleton (D:7)
  2 orc zombies (D:4)
  2 quokka zombies
  7 rats
216 creatures vanquished.

Vanquished Creatures (others)
  A rat (D:8)
1 creature vanquished.

Grand Total: 217 creatures vanquished

Notes
Turn   | Place    | Note
-------+----------+-------------------------------------------
     0 | D:1      | protoss039 the Deep Elf Earth Elementalist began the quest
                  | for the Orb.
     0 | D:1      | Reached XP level 1. HP: 10/10 MP: 6/6
   299 | D:1      | Reached XP level 2. HP: 15/15 MP: 6/8
  1293 | D:2      | Found a hazy altar of Hepliaklqana.
  1405 | D:2      | Reached XP level 3. HP: 14/19 MP: 7/9
  1711 | D:2      | You fall into a shaft and drop 2 floors!
  1720 | D:4      | Learned a level 2 spell: Passwall
  1724 | D:4      | Learned a level 3 spell: Stone Arrow
  1765 | D:4      | Reached skill level 4 in Spellcasting
  1867 | D:3      | Noticed an ice beast
  1973 | D:3      | Reached XP level 4. HP: 24/24 MP: 10/12
  2253 | D:3      | Reached skill level 5 in Spellcasting
  2303 | D:3      | Reached XP level 5. HP: 11/28 MP: 1/14
  2546 | D:3      | Killed an ice beast
  2546 | D:3      | Reached skill level 6 in Spellcasting
  2546 | D:3      | Reached skill level 5 in Earth Magic
  2855 | D:3      | Noticed Jessica
  2860 | D:3      | Killed Jessica
  2860 | D:3      | Reached XP level 6. HP: 26/32 MP: 14/17
  2863 | D:3      | Identified Jessica's Collected Works on Sinister Magic
  3831 | D:3      | Learned a level 4 spell: Petrify
  3837 | D:3      | Learned a level 5 spell: Lee's Rapid Deconstruction
  3865 | D:4      | Reached skill level 7 in Spellcasting
  4660 | D:4      | Reached XP level 7. HP: 36/36 MP: 3/19
  5307 | D:5      | Entered Level 5 of the Dungeon
  5442 | D:5      | Found a blossoming altar of Fedhas.
  5785 | D:5      | Found a white marble altar of Elyvilon.
  5904 | D:5      | Reached skill level 8 in Spellcasting
  6526 | D:6      | Reached skill level 1 in Conjurations
  6692 | D:6      | Reached XP level 8. HP: 32/41 MP: 6/22
  6782 | D:6      | Reached skill level 9 in Spellcasting
  7121 | D:6      | Found an opulent altar of Gozag.
  7170 | D:6      | Found a transporter.
  7180 | D:6      | Found a transporter.
  7672 | D:6      | Reached skill level 10 in Spellcasting
  8074 | D:6      | Learned a level 2 spell: Swiftness
  8464 | D:7      | Reached skill level 1 in Charms
  8492 | D:7      | You fall into a shaft and drop 1 floor!
  8544 | D:8      | Reached XP level 9. HP: 45/45 MP: 15/25
  8547 | D:8      | Reached skill level 1 in Air Magic
  8746 | D:8      | Reached skill level 1 in Armour
  8854 | D:8      | Found a shimmering blue altar of Sif Muna.
  8854 | D:8      | Found a snail-covered altar of Cheibriados.
  8854 | D:8      | Found a radiant altar of Vehumet.
  8858 | D:8      | Became a worshipper of Sif Muna the Loreminder
  9012 | D:8      | Found Bosmipp's Assorted Antiques.
  9126 | D:8      | Noticed a death yak
  9126 | D:8      | Noticed Maurice
  9128 | D:8      | Noticed a death yak
  9130 | D:8      | Killed Maurice
  9130 | D:8      | Reached skill level 11 in Spellcasting
  9130 | D:8      | Reached skill level 1 in Invocations
  9134 | D:8      | Noticed a death yak
  9269 | D:8      | Reached skill level 1 in Fighting
  9529 | D:8      | Reached * piety under Sif Muna
  9604 | D:7      | Found a glowing silver altar of Zin.
  9915 | D:7      | Found a staircase to the Ecumenical Temple.
 10406 | D:7      | Learned a level 3 spell: Mephitic Cloud
 10430 | D:8      | Found a staircase to the Lair.
 10665 | D:7      | Slain by a killer bee

Illustrated notes

Levels and vault maps discovered:
D:1:      sevenhm_arrival_forest_fort_small_6, layout_loops_corners,
          serial_glass, glass_columns_a, glass_columns_c,
          minmay_strange_pillars, item_on_display_a, due_unseen_surprise
D:2:      layout_basic, lemuel_crystal_altar
D:3:      layout_basic, kennysheep_jessica_study
D:4:      layout_layer_cave, first_ration, minmay_mini_ossuary
D:5:      layout_loops_corners, lemuel_coloured_pillars_altar,
          minmay_misc_feat_four_crosses, nrook_loot_triangle,
          fedhas_ov_isle_minmay
D:6:      layout_rooms, grunt_gozag_breadcrumbs, gammafunk_ghost_stat_death,
          hangedman_glass_teeth, grunt_ministairs_12
D:7:      layout_loops_cross, nicolae_overflow_hidden_temple, temple_pool_b,
          st_stairs_5
D:8:      minmay_chambers_of_sixes, layout_basic,
          gammafunk_temple_overflow_forgotten, dpeg_lair_monsters, serial_shops,
          nicolae_shop_trees, uniq_psyche, uniq_maurice

Skill      XL: |  1  2  3  4  5  6  7  8  9 |
---------------+----------------------------+-----
Stealth        | 3 |  3.0
Dodging        | 3 |  3.0
Earth Magic    | 4 5 6 7 9 |  9.7
Spellcasting   | 4 5 6 7 8 10 11 | 11.4
Conjurations   | 1 2 3 |  3.5
Charms         | 1 2 |  2.0
Air Magic      | 2 |  2.0
Armour         | 2 |  2.2
Transmutations | 3 |  3.2
Invocations    | 2 |  2.2
Fighting       | 1 |  1.6
Poison Magic   | |  0.4

Action                   |  1- 3 |  4- 6 |  7- 9 || total
-------------------------+-------+-------+-------++-------
Melee: Unarmed           |    23 |       |       ||    23
       Dagger            |    30 |    37 |     2 ||    69
       Trident           |       |       |    43 ||    43
 Cast: Sandblast         |    36 |   103 |    72 ||   211
       Stone Arrow       |       |     6 |   102 ||   108
       Lee's Rapid Decon |       |       |    15 ||    15
       Swiftness         |       |       |     3 ||     3
       Passwall          |       |       |     2 ||     2
  Use: Scroll            |       |     4 |     7 ||    11
       Potion            |       |       |     1 ||     1
 Stab: Sleeping          |     5 |     5 |     2 ||    12
       Distracted        |     1 |       |     1 ||     2
  Eat: Chunk             |     3 |     8 |    13 ||    24
       Ration            |       |       |     2 ||     2
Armor: Robe              |    12 |    30 |    17 ||    59
Dodge: Dodged            |    53 |    76 |    82 ||   211
Block: Other             |       |     2 |    34 ||    36
       Reflection        |       |       |     4 ||     4
